 Dungeon Crawl Stone Soup version bcrawl-1.19-7-g22fd707d3b (webtiles) character file.

Game seed: 11722839000456797081

2048 MisterOstroum the Fighter (level 9, -12/124 HPs)
             Began as a Minotaur Gladiator on Nov 16, 2019.
             Was a Believer of Trog.
             Mangled by an orc warlord
             ... wielding a +0 war axe
              (28 damage)
             ... in a bailey.
             The game lasted 00:13:22 (6190 turns).

MisterOstroum the Fighter (Minotaur Gladiator)      Turns: 6190, Time: 00:13:22

Health: -12/124    AC:  8    Str: 27 (28) XL:     9   Next: 4%
Magic:  8/8        EV: 19    Int:  8 (10) God:    Trog [**....]
Gold:   342        SH:  0    Dex: 15 (16) Spells: 8/8 levels left

rFire    + . .     SeeInvis +   a - +0 trident
rCold    + . .     Gourm    .   (no shield)
rNeg     . . .     Faith    +   H - +0 scale mail
rPois    +         Spirit   .   c - +0 hat
rElec    +         Reflect  .   (no cloak)
rCorr    +         Harm     .   (no gloves)
MR       .....                  F - +0 pair of boots
Stlth    ..........             E - amulet of faith
HPRegen  0.30/turn              A - ring of see invisible
MPRegen  0.11/turn              q - ring of attention (curse)

@: brilliant, agile, berserking, resistant, very quick
A: retaliatory headbutt, horns 2
a: Berserk, Trog's Hand, Renounce Religion


You were in a bailey.
You worshipped Trog.
Trog was pleased with you.
You were not hungry.

You visited 2 branches of the dungeon, and saw 8 of its levels.
You also visited: Bailey.

You collected 342 gold pieces.

Inventory:

Hand Weapons
 a - a +0 trident (weapon)
 B - a +0 hunting sling
Missiles
 d - 3 throwing nets {!f!f}
 j - 1947 stones
 o - 616 sling bullets
 r - 47 poisoned tomahawks (quivered)
 t - 613 tomahawks
Armour
 c - a +0 hat (worn)
 F - a +0 pair of boots (worn)
 H - a +0 scale mail (worn)
Jewellery
 q - a cursed ring of attention (right hand)
 A - a ring of see invisible (left hand)
 E - an amulet of faith (around neck)
Scrolls
 f - a scroll of fog {unknown}
 h - 9 scrolls of teleportation {@r3 !r}
 i - 2 scrolls of blinking {unknown}
 k - a scroll of fear {unknown}
 m - 2 scrolls of magic mapping {unknown}
 n - a scroll of immolation {unknown}
 s - a scroll of noise {unknown}
 y - 2 scrolls of enchant weapon {unknown}
 z - a scroll of remove curse {unknown}
 C - 2 scrolls of enchant armour {unknown}
Potions
 b - 2 potions of cancellation
 g - a potion of heal wounds {unknown}
 l - a potion of agility {@q5 !q}
 p - a potion of resistance
 u - 6 potions of haste {@q4 !q}
 v - 7 potions of curing {@q1 !q}
 x - 3 potions of might {@q3 !q}
 D - 3 potions of magic
 G - a potion of ambrosia {unknown}
 K - a potion of degeneration
Comestibles
 e - 10 rations {!d}


   Skills:
 * Level 9.0 Fighting
 * Level 8.5 Polearms
 - Level 2.0 Throwing
 + Level 5.8 Armour
 - Level 6.0 Dodging


You had 8 spell levels left.
You didn't know any spells.
Your spell library was empty.

Dungeon Overview and Level Annotations

Branches:
Dungeon (7/12)             Temple (1/1) D:4
   Lair: D:7-9

Altars:
Ashenzari
Cheibriados
Dithmenos
Elyvilon
Fedhas
Gozag
Hepliaklqana
Kikubaaqudgha
Lugonu
Makhleb
Nemelex Xobeh
Qazlal
Sif Muna
Trog
Uskayaw
Wu Jian
Xom
Yredelemnul
Zin

Annotations:
D:6 Prince Ribbit


Innate Abilities, Weirdness & Mutations

You reflexively headbutt those who attack you in melee.
You have a pair of horns on your head.


Message History

You feel a strong urge to attack something.
You feel your anger nearly subside.
You are no longer berserk.
You are exhausted.
You feel yourself slow down.
t - 534 tomahawks (gained 56)
x - 3 potions of might {@q3 !q} (gained 1)
I - a scroll of identify {@r1} You now have 342 gold pieces (gained 47).
t - 613 tomahawks (gained 79)
Found a gate leading back out of this place.
The goblin shouts!
Found a scroll labeled DUANETYCHO.
Found a fizzy orange potion.
The orc warlord shouts!
i - 2 scrolls labeled DUANETYCHO (gained 1)
You feel yourself speed up.
D - 3 fizzy orange potions (gained 1)
You recover from your berserk rage. 3 kobolds come into view.
You are feeling very hungry.
The kobold shouts! x3
The kobold throws a tomahawk.
The tomahawk closely misses you.
Found a gate leading back out of this place.
There is an open door here.
The kobold throws a tomahawk.
The tomahawk misses you.
The kobold throws a tomahawk.
The tomahawk completely misses you.
The kobold throws a tomahawk.
The tomahawk hits you.
The kobold throws a tomahawk.
The tomahawk closely misses you.
The kobold throws a tomahawk.
The tomahawk hits you.
The kobold throws a tomahawk.
The tomahawk closely misses you.
There is an open door here.
The kobold throws a tomahawk.
The tomahawk barely misses you.
As you close the door, it creaks loudly!
You start resting.
The goblin shouts!
You are near starving!
The orc warlord shouts!
Unknown command.
Okay, then.
You start resting.
HP restored.
Okay, then.
As you read the scroll of identify {@r1}, it crumbles to dust.
D - 3 potions of magic
Okay, then.
It was a potion of degeneration.
There was something very wrong with that liquid.
You feel weakened.
You feel dopey.
You feel clumsy.
It was a potion of resistance.
You feel protected.
You feel agile all of a sudden.
It was a potion of brilliance.
You feel clever all of a sudden.
Okay, then.
Unknown command.
You eat one of the 11 rations {!d}.
That ration really hit the spot!
Evoke which item? (* to show all) (? for menu, Esc to quit)
Okay, then.
Unknown command.
Quiver which item? (- for none, * to show all) (? for menu, Esc to quit)
Quivering
r - 48 poisoned tomahawks for throwing.
You open the gate.
Throwing (i - inventory. (/) - cycle)
r - 48 poisoned tomahawks (quivered)
Press: ? - help, Shift-Dir - straight line, f - orc warlord
Aim: an orc warlord, wielding a +0 war axe and wearing a +0 ring mail You throw a poisoned tomahawk.
The poisoned tomahawk hits the orc warlord.
The orc warlord is poisoned.
The orc warlord is lightly wounded.
The orc warlord hits you with a +0 war axe!!
Press: ? - help, v - describe, . - travel The floor, spattered with blood.
Unknown command.
A red film seems to cover your vision as you go berserk!
You feel yourself moving faster!
You feel mighty!
You feel a lot more hungry.
The orc warlord hits you but does no damage.
You puncture the orc warlord! You headbutt the orc warlord!
The orc warlord is moderately wounded.
You barely miss the orc warlord.
The orc warlord is moderately wounded.
The goblin misses you. You furiously retaliate!
You headbutt the goblin!
You feel the power of Trog in you as your rage grows.
You kill the goblin!
Trog accepts your kill.
The orc warlord hits you with a +0 war axe!!
You closely miss the orc warlord. You headbutt the orc warlord!
The orc warlord is moderately wounded.
You impale the orc warlord!! Your headbutt misses the orc warlord.
The orc warlord is heavily wounded.
The orc warlord hits you with a +0 war axe!!
* * * LOW HITPOINT WARNING * * *
You puncture the orc warlord! You headbutt the orc warlord!
The orc warlord is severely wounded.
You barely miss the orc warlord.
The orc warlord is severely wounded.
The goblin completely misses you.
You puncture the orc warlord! Your headbutt misses the orc warlord.
The orc warlord is almost dead.
The orc warlord hits you with a +0 war axe!!
You die...

∩...≈≈≈.# ....∩... #.≈≈≈K..∩
♣..K≈≈≈.#≈.........≈#.≈≈≈...♣
♣..K≈≈≈(# ≈.8...8.≈ #.≈≈≈...♣
♣♣..###+###.......###+###..♣♣
♣.##....#≈.8...8.≈#....##.♣
♣##.....#≈≈≈≈≈≈≈≈g#.....##
##......####≈≈≈####......##
#...8......#'og#......8...#
#............@............#
#.........................#
##..8..8.).........8..8..##
##......)#######.......##
##...).## ##.....## ##...##
##...## ##### #####


You could see an orc warlord and a goblin.

Vanquished Creatures
  A centaur zombie (D:5)
  A hungry ghost (D:5)
  2 orc warriors (Bailey)
  A phantom (D:6)
  A sky beast (D:5)
  An ogre (D:6)
  A bullfrog (D:7)
  A gnoll sergeant (D:6)
  2 scorpions (D:5)
  A wyvern skeleton (D:7)
  4 howler monkeys
  2 centaur skeletons
  2 crimson imps
  2 orc wizards (D:4)
  3 hounds
  3 worker ants
  An iguana (D:5)
  A killer bee zombie (D:4)
  A worker ant zombie (D:4)
  10 gnolls
  6 adders
  2 oozes (D:3)
  4 worms
  7 dart slugs
  2 leopard geckos
  10 orcs
  5 bats
  A giant cockroach (D:1)
  8 goblins
  12 hobgoblins
  8 jackals
  16 kobolds
  4 quokkas
  A ball python (D:4)
  3 frilled lizards
  2 quokka skeletons
  3 rats
135 creatures vanquished.

Notes
Turn   | Place    | Note
-------+----------+-------------------------------------------
     0 | D:1      | MisterOstroum the Minotaur Gladiator began the quest for
                  | the Orb.
     0 | D:1      | Reached XP level 1. HP: 18/18 MP: 0/0
   152 | D:1      | Reached XP level 2. HP: 16/25 MP: 1/1
   378 | D:1      | Reached skill level 3 in Fighting
   505 | D:1      | Reached skill level 1 in Armour
   799 | D:1      | Reached XP level 3. HP: 31/31 MP: 2/2
   967 | D:2      | Found a white marble altar of Elyvilon.
  1015 | D:2      | Became a worshipper of Elyvilon the Healer
  1767 | D:3      | Reached XP level 4. HP: 38/38 MP: 3/3
  2244 | D:3      | Reached skill level 4 in Fighting
  2244 | D:3      | Reached skill level 5 in Polearms
  2244 | D:3      | Reached XP level 5. HP: 41/46 MP: 4/4
  2364 | D:3      | Found a hazy altar of Hepliaklqana.
  2771 | D:4      | Reached * piety under Elyvilon
  2776 | D:4      | Found a staircase to the Ecumenical Temple.
  2785 | Temple   | Entered the Ecumenical Temple
  2908 | Temple   | Fell from the grace of Elyvilon
  2908 | Temple   | Became a worshipper of Trog the Wrathful
  2997 | D:4      | Reached XP level 6. HP: 53/53 MP: 5/5
  3245 | D:4      | Reached skill level 5 in Fighting
  3800 | D:5      | Entered Level 5 of the Dungeon
  3829 | D:5      | Reached skill level 6 in Fighting
  3829 | D:5      | Reached skill level 5 in Dodging
  3829 | D:5      | Reached XP level 7. HP: 46/64 MP: 6/6
  3953 | D:5      | Found an ornate altar of the Wu Jian Council.
  4194 | D:5      | Found a shadowy altar of Dithmenos.
  4215 | D:5      | Reached * piety under Trog
  4302 | D:5      | Reached skill level 7 in Fighting
  4302 | D:5      | Reached skill level 5 in Armour
  4302 | D:5      | Reached XP level 8. HP: 69/73 MP: 7/7
  4328 | D:5      | Found a snail-covered altar of Cheibriados.
  4329 | D:5      | Found an ancient bone altar of Kikubaaqudgha.
  4881 | D:6      | Reached skill level 8 in Fighting
  5355 | D:6      | Noticed Prince Ribbit
  5384 | D:6      | Reached ** piety under Trog
  5770 | D:7      | Found a flagged portal.
  5797 | Bailey   | Entered a bailey
  5813 | Bailey   | Noticed an orc warlord
  5907 | Bailey   | Found a runed gate.
  5909 | Bailey   | Found a runed gate.
  5921 | Bailey   | Found a runed gate.
  5931 | Bailey   | Reached skill level 9 in Fighting
  5931 | Bailey   | Reached XP level 9. HP: 43/83 MP: 8/8
  6190 | Bailey   | Mangled by an orc warlord

Skill      XL: |  1  2  3  4  5  6  7  8 |
---------------+-------------------------+-----
Polearms       | 4 5 6 8 |  8.5
Fighting       | 3 4 6 7 9 |  9.0
Armour         | 1 2 4 5 |  5.8
Dodging        | 4 5 6 |  6.0
Throwing       | |  2.0

Action                   |  1- 3 |  4- 6 |  7- 9 || total
-------------------------+-------+-------+-------++-------
Melee: Trident           |    90 |   128 |   206 ||   424
       Headbutt          |     9 |    18 |    37 ||    64
Throw: Tomahawk          |       |       |    16 ||    16
       Stone             |       |       |    12 ||    12
Invok: Berserk           |       |       |     9 ||     9
  Use: Scroll            |     5 |     1 |     3 ||     9
       Potion            |       |     1 |     5 ||     6
  Eat: Chunk             |     2 |     7 |    11 ||    20
       Ration            |       |       |     3 ||     3
Armor: Leather armour    |     6 |       |       ||     6
       Ring mail         |     6 |    19 |    19 ||    44
       Scale mail        |       |       |    24 ||    24
Dodge: Dodged            |    38 |    51 |   142 ||   231
